 Dungeon Crawl Stone Soup version 0.21-a0-221-gfe971b9 (webtiles) character file.

106895 warboner the Brawler (level 15, -1/234 HPs)
             Began as a Troll Monk on Aug 27, 2017.
             Was the Champion of Makhleb.
             Killed from afar by a deep elf knight (24 damage)
             ... with an orb of energy
             ... on level 1 of the Elven Halls.
             The game lasted 00:52:12 (23351 turns).

warboner the Brawler (Troll Monk)                  Turns: 23351, Time: 00:52:13

Health: -1/234     AC: 15    Str: 33    XL:     15   Next: 98%
Magic:  19/19      EV: 11    Int:  6    God:    Makhleb [******]
Gold:   1954       SH: 20    Dex: 12    Spells: 14/14 levels left

rFire    . . .     SeeInvis .     - Unarmed
rCold    . . .     Gourm    +   X - +2 large shield
rNeg     . . .     Faith    .   x - +0 troll leather armour
rPois    .         Spirit   .   d - +2 hat
rElec    .         Reflect  .   k - +2 cloak {+Inv}
rCorr    .         Harm     .   (gloves unavailable)
MR       ++...                  (boots unavailable)
Stlth    ..........             j - amulet of rage
HPRegen  1.29/turn              I - +3 ring of protection
MPRegen  0.16/turn              u - ring of protection from magic

@: berserking, very quick
A: unfitting armour, claws 3, fast metabolism 3, gourmand, regeneration 1,
shaggy fur 1, tough skin 2
a: Minor Destruction, Lesser Servant of Makhleb, Major Destruction, Greater
Servant of Makhleb, Renounce Religion, Evoke Berserk Rage, Evoke Invisibility


You were on level 1 of the Elven Halls.
You worshipped Makhleb.
Makhleb was exalted by your worship.
You were full.

You visited 5 branches of the dungeon, and saw 25 of its levels.
You also visited: Ice Cave and Volcano.

You collected 2713 gold pieces.
You spent 759 gold pieces at shops.

Inventory:

Hand Weapons
 y - a +0 blowgun
Missiles
 a - 21 curare-tipped needles
 G - 2 needles of frenzy
 L - 10 large rocks (quivered)
 Y - 2 throwing nets
Armour
 d - a +2 hat (worn)
 k - a +2 cloak of invisibility (worn)
 x - a +0 troll leather armour (worn)
 X - a +2 large shield (worn)
Jewellery
 g - a +5 ring of strength
 j - an amulet of rage (around neck)
 r - a +3 ring of intelligence
 u - a ring of protection from magic (right claw)
 I - a +3 ring of protection (left claw)
 K - a +4 ring of evasion
 M - an uncursed ring of protection from magic
 O - the amulet "Hupiypta" {Harm *Drain rF- rC+ Str+5 Dex+4}
   (You found it on level 6 of the Lair of Beasts)

   [amulet of harm]

   It increases damage dealt and taken.
   It affects your strength (+5).
   It affects your dexterity (+4).
   It makes you vulnerable to fire.
   It protects you from cold.
   It causes draining when unequipped.
Wands
 m - a wand of flame (22/48)
 n - a wand of iceblast (6/15)
 o - a wand of iceblast (5/15)
 p - a wand of digging (17/24)
 s - a wand of paralysis (7/24)
 C - a wand of scattershot (5/9)
 F - a wand of iceblast (14/15)
 W - a wand of digging (15/24)
Scrolls
 f - a scroll of blinking
 h - 5 scrolls of enchant armour
 i - 9 scrolls of remove curse
 q - 7 scrolls of magic mapping
 H - a scroll of fog
 P - 2 scrolls of recharging
 R - 5 scrolls of amnesia
 T - 2 scrolls of teleportation
 V - a scroll of holy word
Potions
 e - a potion of magic
 l - 3 potions of mutation
 w - a potion of agility
 B - a potion of might
 D - 8 potions of curing
 E - a potion of brilliance
 J - 2 potions of resistance
 S - 2 potions of flight
 Z - 2 potions of haste
Miscellaneous
 t - a phial of floods
 A - a lamp of fire
Comestibles
 b - 12 bread rations
 c - 8 meat rations
 z - 6 royal jellies
 U - 22 fruits


   Skills:
 - Level 11.7 Fighting
 - Level 8.4 Dodging
 - Level 1.0 Stealth
 + Level 7.7 Shields
 - Level 19.0 Unarmed Combat
 - Level 4.0 Invocations
 - Level 6.7 Evocations


You had 14 spell levels left.
You didn't know any spells.

Dungeon Overview and Level Annotations

Branches:
Dungeon (15/15)            Temple (1/1) D:5            Lair (6/6) D:9
  Swamp (0/4) Lair:2       Spider (0/4) Lair:2        Slime (0/5) Lair:5
    Orc (2/2) D:9             Elf (1/3) Orc:2        Vaults (0/5) D:14
 Depths (0/5) D:15

Altars:
Cheibriados
Dithmenos
Gozag
Makhleb
Sif Muna
Trog
Wu Jian
Yredelemnul
Zin
Jiyva

Shops:
D:5 (   D:8 =   D:9 ([   D:12 =   Orc:1 *!}%   Orc:2 [!?*


Innate Abilities, Weirdness & Mutations

You are too large for most types of armour.
You have claws for hands.
Your metabolism is lightning-fast.
You like to eat raw meat.
Your natural rate of healing is unusually fast.
You are covered in fur. (AC +1)
You have very tough skin. (AC +2)


Message History

Makhleb accepts your kill.
You feel better.
The earth elemental disappears in a puff of smoke! x2
Something hits you but does no damage.
The deep elf knight hits you but does no damage.
Unknown command.
You scratch the deep elf knight.
The deep elf knight is lightly wounded.
Something hits you!
* * * LOW HITPOINT WARNING * * *
Unknown command.
You eviscerate the deep elf knight!!!
The deep elf knight is severely wounded.
You block something's attack.
Unknown command.
You miss the deep elf knight.
The deep elf knight is severely wounded.
The deep elf knight points at you and mumbles some strange words.
The orb of energy hits you!
You die...

.... #+#.......#.).#.#
..#.. +.......+...'.#
..#..#+#.......#...#.#
..#.........#..##+##.#
..#.........##.......#
..#.........##.#######
######.######.#
...###)#### #.#
.......{@§.# #.#
###..##e##§# #.#
.....#.. #.# #.#
.##..+.e .....# #. #..
##### . ##+ .. .. ##


You could see a deep elf knight and a deep elf mage.

Vanquished Creatures
  Gastronok (D:9)
  Agnes (D:15)
  Louise (D:15)
  An ettin (Orc:1)
  A yaktaur captain (D:14)
  A great orb of eyes (Lair:6)
  5 hydras
  2 ogre magi (Orc:2)
  7 centaur warriors
  A catoblepas (D:14)
  2 dancing weapons
  13 two-headed ogres
  Urug (D:15)
  2 tengu warriors (D:15)
  Sonja (Lair:1)
  2 deep elf knights
  5 skeletal warriors (D:14)
  2 unseen horrors (D:14)
  6 wizards
  2 deep elf archers (Elf:1)
  Pikel (D:9)
  2 deep trolls
  8 deep elf magi
  A mana viper (shapeshifter) (D:15)
  17 ugly things
  2 cyclopes (Orc:2)
  A manticore (D:13)
  Maurice (D:11)
  Psyche (D:11)
  5 toenail golems (Volcano)
  2 gargoyles
  11 elephants
  2 ice statues (IceCv)
  5 black mambas
  33 spiny frogs
  2 orange demons (Lair:6)
  9 komodo dragons
  An efreet (D:14)
  A freezing wraith (D:15)
  A kobold demonologist (D:11)
  A rime drake (Lair:6)
  2 yaktaurs (D:14)
  13 trolls
  A polar bear (Lair:6)
  Grinder (D:5)
  A polar bear (shapeshifter) (D:15)
  19 blink frogs
  4 tyrant leeches (Lair:6)
  10 hippogriffs
  Sigmund (D:5)
  A centaur simulacrum (D:15)
  2 redbacks (Lair:2)
  4 water elementals
  2 wyverns
  A shadow (D:14)
  A spriggan (D:7)
  A vampire (D:12)
  41 yaks
  2 basilisks
  Grum (D:9)
  5 hungry ghosts
  The ghost of p0werm0de the Ruffian, an amateur DrWz of Uskayaw (D:6)
  10 vampire mosquitoes
  A warg (Orc:1)
  2 acid dragons
  12 water moccasins
  9 porcupines
  3 sky beasts
  A swamp drake (Lair:2)
  13 ice beasts
  3 phantoms
  A hornet zombie (D:14)
  12 orc warriors
  A black bear (Lair:4)
  21 ogres
  An eye of draining (D:13)
  9 wolves
  5 centaurs
  7 crocodiles
  Blork the orc (D:5)
  3 big kobolds
  24 bullfrogs
  A gnoll sergeant (D:11)
  2 wyvern zombies
  4 scorpions
  5 electric eels
  5 wights (D:13)
  2 howler monkeys
  4 centaur zombies
  3 bullfrog zombies (D:6)
  7 crimson imps
  A quasit (D:10)
  A bullfrog skeleton (D:6)
  12 orc priests
  7 hounds
  4 jellies
  20 orc wizards
  3 centaur skeletons
  8 iguanas
  15 worker ants
  A hound zombie (D:9)
  A hound skeleton (D:5)
  10 gnolls
  10 adders
  3 white imps (D:15)
  An ooze (D:2)
  2 adder skeletons (D:6)
  2 worms
  3 dart slugs
  4 leopard geckos
  78 orcs
  14 giant cockroaches
  9 goblins
  10 hobgoblins
  6 jackals
  3 quokkas
  4 ball pythons
  4 bats
  2 frilled lizards
  20 kobolds
  A leopard gecko skeleton (D:8)
  A quokka skeleton (D:10)
  12 rats
722 creatures vanquished.

Vanquished Creatures (others)
  3 slaves (D:9)
  A gnoll shaman (D:5)
  A worker ant zombie (D:9)
  4 gnolls (D:5)
  10 fungi
  47 plants
66 creatures vanquished.

Grand Total: 788 creatures vanquished

Notes
Turn   | Place    | Note
-------+----------+-------------------------------------------
     0 | D:1      | warboner the Troll Monk began the quest for the Orb.
     0 | D:1      | Reached XP level 1. HP: 22/22 MP: 0/0
   170 | D:1      | Reached XP level 2. HP: 29/29 MP: 1/1
   703 | D:1      | Reached XP level 3. HP: 31/36 MP: 2/2
  1085 | D:2      | Reached skill level 4 in Unarmed Combat
  1128 | D:2      | Reached XP level 4. HP: 44/44 MP: 3/3
  1659 | D:3      | Reached XP level 5. HP: 49/53 MP: 4/4
  1948 | D:3      | Reached skill level 5 in Unarmed Combat
  2922 | D:4      | Noticed an ogre
  2928 | D:4      | Killed an ogre
  2928 | D:4      | Reached XP level 6. HP: 61/61 MP: 5/5
  3286 | D:5      | Entered Level 5 of the Dungeon
  3314 | D:5      | Noticed Grinder
  3336 | D:5      | Noticed Blork the orc
  3340 | D:5      | Paralysed by Grinder for 4 turns
  3485 | D:6      | You fall through a shaft for 2 floors!
  3680 | D:5      | Killed Grinder
  3680 | D:5      | Reached skill level 6 in Unarmed Combat
  3680 | D:5      | Reached XP level 7. HP: 61/68 MP: 6/6
  3684 | D:5      | Noticed Sigmund
  3713 | D:5      | Killed Blork the orc
  3719 | D:5      | Killed Sigmund
  3780 | D:5      | Reached skill level 7 in Unarmed Combat
  3818 | D:5      | Reached XP level 8. HP: 76/79 MP: 7/7
  3901 | D:5      | Reached skill level 8 in Unarmed Combat
  3993 | D:5      | Found Ziyda's Antique Weapon Emporium.
  4072 | D:5      | Reached skill level 5 in Fighting
  4217 | D:5      | Found a staircase to the Ecumenical Temple.
  4427 | Temple   | Entered the Ecumenical Temple
  4435 | Temple   | Became a worshipper of Makhleb the Destroyer
  4435 | Temple   | Reached * piety under Makhleb
  4435 | Temple   | Reached ** piety under Makhleb
  4901 | D:6      | Reached skill level 1 in Invocations
  4983 | D:6      | Reached skill level 1 in Shields
  5278 | D:6      | Noticed p0werm0de's ghost (amateur DrWz)
  5290 | D:6      | Killed p0werm0de's ghost
  5290 | D:6      | Reached skill level 9 in Unarmed Combat
  5474 | D:6      | Reached XP level 9. HP: 88/88 MP: 9/9
  6254 | D:7      | Found an opulent altar of Gozag.
  6277 | D:7      | Found a deep blue altar of Sif Muna.
  6587 | D:7      | Reached skill level 10 in Unarmed Combat
  6831 | D:8      | Reached *** piety under Makhleb
  7031 | D:8      | Found Sieh's Jewellery Shoppe.
  7357 | D:9      | Found a staircase to the Lair.
  7429 | D:9      | Noticed a troll
  7441 | D:9      | Killed a troll
  7482 | D:9      | Noticed Pikel
  7501 | D:9      | Killed Pikel
  7501 | D:9      | Reached XP level 10. HP: 79/96 MP: 12/12
  7538 | D:9      | Found Hoxyt's Armour Boutique.
  7538 | D:9      | Found a staircase to the Orcish Mines.
  7539 | D:9      | Found Ytsiud's Weapon Boutique.
  7579 | D:9      | Reached skill level 11 in Unarmed Combat
  7785 | D:9      | Noticed Gastronok
  7797 | D:9      | Killed Gastronok
  8057 | D:9      | Noticed Grum
  8068 | D:9      | Killed Grum
  8198 | Lair:1   | Entered Level 1 of the Lair of Beasts
  8212 | Lair:1   | Reached skill level 5 in Shields
  8274 | Lair:1   | Noticed Sonja
  8285 | Lair:1   | Reached skill level 12 in Unarmed Combat
  8299 | Lair:1   | Killed Sonja
  8520 | Lair:1   | Found a snail-covered altar of Cheibriados.
  8534 | Lair:1   | Reached **** piety under Makhleb
  8536 | Lair:1   | Reached XP level 11. HP: 95/107 MP: 13/13
  9216 | D:9      | Reached skill level 13 in Unarmed Combat
  9398 | Lair:1   | Noticed an eight-headed hydra
  9859 | Lair:2   | Found a staircase to the Swamp.
 10061 | Lair:2   | Found a hole to the Spider Nest.
 10313 | Lair:2   | Reached skill level 5 in Dodging
 10885 | Lair:2   | Identified a scroll of acquirement
 11236 | Lair:3   | Reached XP level 12. HP: 102/119 MP: 14/14
 11241 | Lair:3   | Reached skill level 14 in Unarmed Combat
 11488 | Lair:3   | Noticed a five-headed hydra
 12047 | Lair:4   | Noticed a four-headed hydra
 12400 | Lair:5   | Found a viscous altar of Jiyva.
 12400 | Lair:5   | Found a staircase to the Slime Pits.
 12613 | Lair:5   | Reached ***** piety under Makhleb
 13069 | Lair:6   | Entered Level 6 of the Lair of Beasts
 13081 | Lair:6   | Found a dark tunnel.
 13082 | Lair:6   | Noticed a seven-headed hydra
 13098 | Volcano  | Entered a volcano
 13137 | Volcano  | Reached skill level 1 in Evocations
 13179 | Volcano  | Reached skill level 15 in Unarmed Combat
 13749 | Lair:6   | Reached XP level 13. HP: 125/131 MP: 15/15
 14317 | Lair:6   | Reached skill level 16 in Unarmed Combat
 14650 | Lair:6   | Got a fine copper amulet
 14893 | Lair:6   | Identified the amulet "Hupiypta" {Harm *Drain rF- rC+ Str+5 Dex+4} (You found it on level 6 of the Lair of Beasts)
 15409 | Lair:1   | Reached skill level 10 in Fighting
 15733 | D:10     | Entered Level 10 of the Dungeon
 15981 | D:10     | Reached XP level 14. HP: 143/143 MP: 16/16
 16247 | D:9      | Reached ****** piety under Makhleb
 16257 | Orc:1    | Entered Level 1 of the Orcish Mines
 16258 | Orc:1    | Found Jabi's Gadget Shop.
 16366 | Orc:1    | Found Xigenara's Food Shop.
 16391 | Orc:1    | Found Asoheam's Distillery.
 16422 | Orc:1    | Found Okladghott's General Store.
 16515 | Orc:1    | Bought a potion of might for 60 gold pieces
 16515 | Orc:1    | Bought a potion of curing for 45 gold pieces
 16555 | Orc:1    | Bought a potion of haste for 180 gold pieces
 16708 | Orc:2    | Entered Level 2 of the Orcish Mines
 16708 | Orc:2    | Found a staircase to the Elven Halls.
 16787 | Orc:2    | Found Ahofevuwk's Antique Armour Shoppe.
 16918 | Orc:2    | Reached skill level 17 in Unarmed Combat
 17141 | Orc:2    | Found Xilonue's Distillery.
 17149 | Orc:2    | Found Geanijeatopn's Assorted Antiques.
 17154 | Orc:2    | Found Utzun's Magic Scroll Emporium.
 17653 | Orc:2    | Bought a potion of heal wounds for 90 gold pieces
 17653 | Orc:2    | Bought a potion of curing for 54 gold pieces
 17664 | Orc:2    | Bought a scroll of teleportation for 39 gold pieces
 17664 | Orc:2    | Bought a scroll of magic mapping for 45 gold pieces
 17664 | Orc:2    | Bought a scroll of holy word for 97 gold pieces
 17664 | Orc:2    | Bought a scroll of recharging for 123 gold pieces
 17664 | Orc:2    | Bought a scroll of identify for 26 gold pieces
 17777 | D:11     | Noticed Psyche
 18250 | D:11     | Found a basalt altar of Yredelemnul.
 18301 | D:11     | Killed Psyche
 18403 | D:11     | Noticed Maurice
 18423 | D:11     | Killed Maurice
 18710 | D:12     | Found a frozen archway.
 18723 | IceCv    | Entered an ice cave
 18725 | IceCv    | Found a transporter.
 19043 | D:12     | Reached skill level 5 in Evocations
 19446 | D:12     | Found Ameq's Jewellery Shop.
 19529 | D:12     | You fall through a shaft!
 19572 | D:13     | Reached skill level 18 in Unarmed Combat
 19665 | D:13     | Reached XP level 15. HP: 153/153 MP: 13/18
 21351 | D:14     | Found a gate to the Vaults.
 21770 | D:15     | Entered Level 15 of the Dungeon
 22006 | D:15     | Found a staircase to the Depths.
 22486 | D:15     | Noticed Louise
 22503 | D:15     | Killed Louise
 22503 | D:15     | Reached skill level 19 in Unarmed Combat
 22532 | D:15     | Noticed Urug
 22533 | D:15     | Noticed Agnes
 22539 | D:15     | Killed Agnes
 22552 | D:15     | Killed Urug
 23080 | Elf:1    | Entered Level 1 of the Elven Halls
 23351 | Elf:1    | Killed from afar by a deep elf knight

Vault maps used:
D:1:      onia_arrival_handbag
D:3:      corexii_shack_village
D:4:      first_bread, corner_web_ring
D:5:      minmay_temple_entry_nine_rooms, serial_shops, kennysheep_mini_moat,
          lemuel_flame_loot_1, uniq_sigmund, uniq_grinder, uniq_blork_the_orc
D:7:      kennysheep_mini, the_bakery, lemuel_blue_sif_altar
D:8:      serial_shops, shop
D:9:      lair_entry_dummy, orc_david_3, uniq_grum, uniq_gastronok, uniq_pikel
D:11:     yredelemnul_altar_generic, uniq_psyche, uniq_maurice
D:12:     portal_ice_cave_entry_pillars_1, serial_shops, shop, minivault_26
D:14:     david_vaults_2, minivault_4, minmay_misc_feat_doors, kb_rosetta
D:15:     hangedman_depths_entry_civil_slaughter, serial_ice, serial_ice_g,
          serial_ice_m, serial_ice_k, serial_ice_e, uniq_louise, uniq_agnes,
          uniq_urug
Temple:   grunt_wide_crystal_templ
Lair:1:   beast_lair_carwin_large_3, basic_altar, uniq_sonja
Lair:2:   minmay_swamp_entry_reptiles, spider_nest_entry_webs
Lair:3:   lemuel_fruit_fields, minmay_lair_oklob_chamber
Lair:4:   minmay_hedge_maze
Lair:5:   slime_altar_1, grunt_megastairs_4
Lair:6:   minmay_lair_end_frog_pond, nicolae_volcano_entry_lava_flow
Orc:1:    serial_shops, shop, shop, nicolae_shop_window_shopping, shop
Orc:2:    st_orc_open
Elf:1:    serial_shops, nicolae_shop_behind_doors,
          kennysheep_underground_church, st_stairs_11
IceCv:    ice_cave_statue_garden_teleport
Volcano:  volcano_bunker

Skill      XL: |  1  2  3  4  5  6  7  8  9 10 11 12 13 14 15 |
---------------+----------------------------------------------+-----
Unarmed Combat | 4 5 6 7 9 10 12 13 15 16 18 19 | 19.0
Fighting       | 3 4 5 6 7 9 10 11 | 11.7
Dodging        | 3 4 5 6 8 |  8.4
Invocations    | 2 4 |  4.0
Shields        | 1 3 5 7 |  7.7
Evocations     | 2 3 5 6 |  6.7
Stealth        | |  1.0

Action                   |  1- 3 |  4- 6 |  7- 9 | 10-12 | 13-15 || total
-------------------------+-------+-------+-------+-------+-------++-------
Melee: Unarmed           |    84 |   177 |   282 |   489 |  1441 ||  2473
       Punch             |     4 |     4 |     3 |       |       ||    11
Throw: Stone             |       |     4 |     2 |       |     2 ||     8
 Abil: Evoke Berserk Rag |       |       |       |       |     3 ||     3
       Evoke Invisibilit |       |       |       |       |     1 ||     1
Evoke: Wand              |       |       |       |       |     6 ||     6
  Use: Scroll            |       |    11 |     2 |    22 |    10 ||    45
       Potion            |       |       |     2 |    13 |    11 ||    26
 Stab: Sleeping          |     2 |     4 |     6 |       |     1 ||    13
       Distracted        |       |       |       |     1 |     2 ||     3
       Invisible         |       |       |       |       |     4 ||     4
       Petrified         |       |       |       |       |     1 ||     1
  Eat: Chunk             |    12 |    18 |    29 |    45 |    94 ||   198
       Meat ration       |       |       |     1 |     2 |     1 ||     4
       Bread ration      |       |       |     2 |       |     1 ||     3
Armor: Robe              |    30 |    45 |    52 |   105 |   116 ||   348
       Skin              |       |       |       |    12 |    28 ||    40
       Troll leather arm |       |       |       |       |   348 ||   348
Dodge: Dodged            |    34 |    90 |    71 |   183 |   545 ||   923
Block: Shield            |       |       |    73 |   239 |   646 ||   958
       Large shield      |       |       |       |       |    92 ||    92

Table legend:
 A = Spawn XP
 B = Non-spawn XP
 C = Spawn XP percentage of total XP
 D = Spawn monster count
 E = Non-spawn monster count
 F = Spawn count percentage of total count
 G = Total turns spent on level
                    A         B        C        D         E        F      G
               +---------+---------+-------+---------+---------+-------+---------
         Total |    8127 |  144581 |   5.3 |      62 |     658 |   8.6 | 23351
               +---------+---------+-------+---------+---------+-------+---------
           D:1 |       2 |      42 |   4.5 |       2 |      25 |   7.4 |   941
           D:2 |       5 |     132 |   3.6 |       3 |      22 |  12.0 |   492
           D:3 |       4 |      62 |   6.1 |       2 |      25 |   7.4 |   994
           D:4 |     163 |     131 |  55.4 |       4 |       8 |  33.3 |   859
           D:5 |       2 |    1608 |   0.1 |       1 |      30 |   3.2 |  1159
           D:6 |     347 |     516 |  40.2 |       9 |      14 |  39.1 |  1331
           D:7 |     232 |     699 |  24.9 |       2 |      10 |  16.7 |   886
           D:8 |       0 |     731 |   0.0 |       0 |      24 |   0.0 |   648
           D:9 |     474 |    5263 |   8.3 |       3 |      30 |   9.1 |  1448
          D:10 |     180 |    3343 |   5.1 |       1 |      23 |   4.2 |   520
          D:11 |     438 |    4858 |   8.3 |       2 |      36 |   5.3 |   946
          D:12 |     883 |    4296 |  17.0 |       5 |      42 |  10.6 |   760
          D:13 |     674 |    4802 |  12.3 |       4 |      23 |  14.8 |   844
          D:14 |     830 |   19549 |   4.1 |       5 |      53 |   8.6 |  1487
          D:15 |       0 |   19927 |   0.0 |       0 |      41 |   0.0 |  1113
        Lair:1 |     137 |    7420 |   1.8 |       1 |      29 |   3.3 |  1328
        Lair:2 |     512 |    3378 |  13.2 |       2 |      17 |  10.5 |  1526
        Lair:3 |    1001 |    2599 |  27.8 |       5 |       6 |  45.5 |   453
        Lair:4 |     143 |    3697 |   3.7 |       1 |      19 |   5.0 |   926
        Lair:5 |     765 |    5066 |  13.1 |       4 |      18 |  18.2 |  1223
        Lair:6 |    1004 |   20002 |   4.8 |       1 |      68 |   1.4 |  1267
         Orc:1 |     215 |    4934 |   4.2 |       4 |      20 |  16.7 |   588
         Orc:2 |     116 |   15152 |   0.8 |       1 |      43 |   2.3 |   883
         Elf:1 |       0 |    7126 |   0.0 |       0 |      11 |   0.0 |   271
         IceCv |       0 |    2498 |   0.0 |       0 |      10 |   0.0 |   146
       Volcano |       0 |    6750 |   0.0 |       0 |      11 |   0.0 |   295
               +---------+---------+-------+---------+---------+-------+---------
